cohdb
Replays
Latest Replays
All Replays
Popular Replays
Top Player Replays
Match Explorer
How It Works
Community
CoH3 Stats
Reddit
Sign in to upload your games and track your stats! →
Sign in with Steam
Match 43852584
Unlisted
Match 43852584
Overview
Messages
Build Orders
End
Engineer Squad
Construct Barracks
Selects Heavy Weapons
Riflemen Squad
Riflemen Squad
Infantry Support Center
Construct Weapon Support Center
M1919 Machine Gun Team
M3 Armored Personnel Carrier
Selects Assault Carriers
M3 Assault Carrier
Selects M2HB .50cal Heavy Machine Gun
M3 Assault Carrier
Advanced Logistics
Selects Rapid Reposition
Bazooka Squad
M1919 Machine Gun Team
M1918 Browning Automatic Rifles
Bazooka Squad
M3 Assault Carrier
Selects Bolstered Team Weapons
Survival Training
Improved M9 Bazooka Rockets
M3 Assault Carrier
Selects Exchangeable Parts
M3 Assault Carrier
M1919 Machine Gun Team
Selects Towed M5 3-inch Anti-tank Gun
Towed M5 3-inch Anti-tank Gun
M3 Assault Carrier
benjamin.schatz
Lilfuture
0
0
Comments
sign in to comment!
No comments posted yet!